 Dungeon Crawl Stone Soup version 0.20.1 (webtiles) character file.

165 dvd the Firebug (level 5, 0/42 HPs)
             Began as a Deep Elf Fire Elementalist on July 2, 2017.
             Succumbed to Terence's poison
             ... on level 2 of the Dungeon.
             The game lasted 00:05:24 (1793 turns).

dvd the Firebug (Deep Elf Fire Elementalist)        Turns: 1793, Time: 00:05:25

Health: 0/42       AC: 22    Str: 10    XL:     5   Next: 22%
Magic:  11/13      EV:  2    Int: 21    God:
Gold:   33         SH:  0    Dex: 15    Spells: 9/12 levels left

rFire    . . .     SeeInvis .   e - +3 short sword (venom)
rCold    . . .     Gourm    .   (no shield)
rNeg     + + +     Faith    .   (armour currently unavailable)
rPois    +         Spirit   .   (helmet currently unavailable)
rElec    .         Reflect  .   (cloak currently unavailable)
rCorr    .         Harm     .   (gloves currently unavailable)
MR       .....     NoTele   +   (boots currently unavailable)
Stlth    ++........             (no amulet)
Regen    0.2/turn               (no ring)
MPRegen  0.2/turn               (no ring)

@: mighty, lethally poisoned (0 -> -10), tree-form, very slightly contaminated
A: no striking features
a: no special abilities


You were on level 2 of the Dungeon.
You were not hungry.
You were a tree.
You visited 1 branch of the dungeon, and saw 2 of its levels.

You collected 33 gold pieces.

Inventory:

Hand Weapons
 e - a +3 short sword of venom (weapon)
 n - a +2 short sword of venom
Armour
 a - a +0 robe
 d - a +2 ring mail of magic resistance (melded)
 k - a +0 pair of gloves (melded)
 o - a +2 scale mail of cold resistance
Scrolls
 h - a scroll of teleportation
 i - a scroll of remove curse
 l - 3 scrolls of identify
Books
 b - a book of Flames

   Spells                             Type                      Level
   a - Flame Tongue                   Conjuration/Fire             1
   b - Throw Flame                    Conjuration/Fire             2
   c - Conjure Flame                  Conjuration/Fire             3
   d - Inner Flame                    Hexes/Fire                   3
   e - Sticky Flame                   Conjuration/Fire             4
   f - Fireball                       Conjuration/Fire             5
Comestibles
 c - a bread ration
 f - 2 meat rations
 g - a chunk of flesh


   Skills:
 + Level 0.1 Fighting
 + Level 1.1 Short Blades
 + Level 1.1 Armour
 + Level 2.9 Dodging
 + Level 3.2 Stealth
 + Level 4.2 Spellcasting
 + Level 2.1 Conjurations
 + Level 4.4 Fire Magic


You had 9 spell levels left.
You knew the following spells:

 Your Spells              Type           Power        Failure   Level  Hunger
a - Flame Tongue          Conj/Fire      ###..        3%          1    None
b - Throw Flame           Conj/Fire      ###...       4%          2    #......


Dungeon Overview and Level Annotations

Branches:
Dungeon (2/15)

Altars:


Message History

You feel sick.
Unknown command.
As you read the scroll labeled TEPPEPRUPEUL, it crumbles to dust.
You feel blessed for a moment.
It was a scroll of remove curse.
* * * LOW HITPOINT WARNING * * *
You feel sick.
As you read the scroll labeled ZAMALO DUALA, it crumbles to dust.
The scroll dissolves into smoke.
It was a scroll of fog.
* * * LOW HITPOINT WARNING * * *
You feel sick.
As you read the scroll labeled ROOREU IHACASE, it crumbles to dust.
It is a scroll of identify.
o - a +2 scale mail of cold resistance
* * * LOW HITPOINT WARNING * * *
You feel sick.
Unknown command.
As you read the scroll labeled YWNEIBL ACUE, it crumbles to dust.
It is a scroll of enchant weapon.
Your +2 short sword of venom glows red for a moment.
You die...

#.# ...
...........# #.# ..
........#.## ..# ..
#######.#.# ### .
#.#.# #. #.#.#
#.########.#.##
##.##..§§.§§.#....#
#......§§§§§...#.##
.......§§♣§§......#
##############.#.##
.........#.#
#######..# # #..#
#..# #..# #..# ...#


There were no monsters in sight!

Vanquished Creatures
  Terence (D:2)
  Natasha (thrice) (D:2)
  A gnoll (D:2)
  2 adders
  A worm (D:2)
  2 leopard geckos
  A ball python (D:1)
  A giant cockroach (D:2)
  2 goblins (D:1)
  5 hobgoblins
  4 jackals
  A quokka (D:2)
  3 bats (D:1)
  2 frilled lizards
  3 kobolds
  4 rats (D:1)
36 creatures vanquished.

Notes
Turn   | Place    | Note
-------+----------+-------------------------------------------
     0 | D:1      | dvd the Deep Elf Fire Elementalist began the quest for the Orb.
     0 | D:1      | Reached XP level 1. HP: 10/10 MP: 6/6
   395 | D:1      | Reached XP level 2. HP: 13/15 MP: 5/8
   640 | D:1      | Learned a level 2 spell: Throw Flame
  1007 | D:1      | Reached XP level 3. HP: 17/19 MP: 7/10
  1145 | D:2      | Noticed Natasha
  1152 | D:2      | Killed Natasha
  1379 | D:2      | Noticed Natasha
  1389 | D:2      | Killed Natasha
  1389 | D:2      | Reached XP level 4. HP: 20/24 MP: 8/11
  1422 | D:2      | Noticed Natasha
  1431 | D:2      | Killed Natasha
  1431 | D:2      | Reached skill level 1 in Short Blades
  1454 | D:2      | Reached skill level 1 in Armour
  1591 | D:2      | Reached XP level 5. HP: 28/28 MP: 9/13
  1762 | D:2      | Noticed Terence
  1777 | D:2      | HP: 1/28 [poisoned by Terence]
  1778 | D:2      | Killed Terence
  1791 | D:2      | HP: 2/42 [poisoned by Terence]
  1793 | D:2      | Succumbed to Terence's poison

Skill      XL: |  1  2  3  4 |
---------------+-------------+-----
Fire Magic     | 4 |  4.4
Stealth        | 3 |  3.2
Short Blades   | 1 |  1.1
Spellcasting   | 4 |  4.2
Conjurations   | 2 |  2.1
Armour         | 1 |  1.1
Fighting       | |  0.1
Dodging        | |  2.9

Action                   |  1- 3 |  4- 6 || total
-------------------------+-------+-------++-------
Melee: Unarmed           |     3 |       ||     3
       Dagger            |     1 |       ||     1
       Short sword       |    12 |    21 ||    33
 Cast: Flame Tongue      |    33 |     8 ||    41
       Throw Flame       |     1 |     2 ||     3
  Use: Scroll            |       |     5 ||     5
       Potion            |       |     3 ||     3
 Stab: Sleeping          |     1 |       ||     1
  Eat: Chunk             |     1 |     2 ||     3
Armor: Ring mail         |    12 |     9 ||    21
Dodge: Dodged            |    20 |    16 ||    36
